 Dungeon Crawl Stone Soup version 0.31-a0-210-gccc998df9b (webtiles) character file.

Game seed: 12689144271804994893

1052 qw the Chopper (level 8, -11/49 HPs)
             Began as a Gargoyle Fighter on June 29, 2023.
             Mangled by an apocalypse crab (14 damage)
             ... on level 1 of the Abyss.
             The game lasted 00:02:13 (4750 turns).

qw the Chopper (Gargoyle Fighter)                   Turns: 4750, Time: 00:02:13

Health: -11/49     AC: 16    Str: 23    XL:     8   Next: 26%
Magic:  8/8        EV: 13    Int:  8    God:
Gold:   75         SH:  4    Dex:  9    Spells: 7/7 levels left

rFire   + . .        Y - +1 war axe (flame)
rCold   + . .        c - +0 buckler
rNeg    + . .        j - +0 chain mail
rPois   inf          a - +1 helmet
rElec   +            (no cloak)
rCorr   +            (no gloves)
SInv    .            (no boots)
Will    .....        b - amulet of Vitality {RegenMP++ Regen++} Stlth
                     r - ring of resist corrosion
HPRegen 1.88/turn    (no ring)
MPRegen 0.91/turn

%: no passive effects
@: agile, resistant
A: sickness immunity, AC +5, negative energy resistance 1, electricity
resistance, torment resistance 1, petrification resistance
a: no special abilities


You were on level 1 of the Abyss.
You visited 2 branches of the dungeon, and saw 7 of its levels.
You visited the Abyss 1 time.

You collected 231 gold pieces.
You spent 156 gold pieces at shops.


Innate Abilities, Weirdness & Mutations

You are immune to sickness and miasma.
Your stone body is resilient. (AC +5)
You are immune to poison.
You resist negative energy. (rN+)
You are resistant to electric shocks. (rElec)
You are resistant to unholy torment.
You are immune to petrification.


   Skills:
 - Level 5.1 Fighting
 + Level 7.4 Axes
 - Level 2.4 Throwing
 - Level 3.2 Armour
 - Level 1.2 Dodging
 - Level 3.2 Shields


You had 7 spell levels left.
You didn't know any spells.
Your spell library was empty.

Inventory:

Hand Weapons
 Y - a +1 war axe of flaming (weapon)
Missiles
 i - 2 javelins (quivered)
 p - a boomerang
Armour
 a - a +1 helmet (worn)
 c - a +0 buckler (worn)
 j - a +0 chain mail (worn)
 m - the +1 ring mail of Impermeability {rC+ rN+ Slay+2}
   (You took it off a goblin on level 2 of the Dungeon)

   Slay:      It affects your accuracy & damage with ranged weapons and melee
   (+2).
   rC:        It protects you from cold.
   rN:        It protects you from negative energy.
Jewellery
 b - the amulet of Vitality (around neck) {RegenMP++ Regen++}
   (You found it on level 2 of the Dungeon)

   [amulet of magic regeneration]

   It increases your rate of magic regeneration.
   Regen:     It increases your rate of health regeneration.
 l - a ring of ice
 r - a ring of resist corrosion (left hand)
Scrolls
 q - a scroll of identify
Potions
 d - 4 potions of might
 e - a potion of resistance
 g - 2 potions of lignification
 h - a potion of haste
 k - 2 potions of curing
 n - a potion of brilliance {unknown}
 o - 2 potions of attraction
 s - a potion of heal wounds {unknown}

Dungeon Overview and Level Annotations

Branches:
Dungeon (6/15)             Temple (1/1) D:4

Altars:
Ashenzari
Cheibriados
Elyvilon
Fedhas
Gozag
Hepliaklqana
Kikubaaqudgha
Makhleb
Nemelex Xobeh
Qazlal
Ru
Sif Muna
Trog
Uskayaw
Vehumet
Wu Jian
Xom
Yredelemnul
The Shining One

Shops:
D:4 !

Annotations:
D:3 1 runed translucent door, Crazy Yiuf


Message History

The blast of chaos engulfs you but does no damage.
You resist.
The thrashing horror roars!
You closely miss the apocalypse crab.
The apocalypse crab is heavily wounded.
You are engulfed in seething chaos.
The apocalypse crab is engulfed in seething chaos.
The apocalypse crab bites you but does no damage.
The apocalypse crab claws you but does no damage.
You slash the apocalypse crab!
The apocalypse crab is heavily wounded.
You are engulfed in seething chaos.
The apocalypse crab is engulfed in seething chaos.
The apocalypse crab bites you but does no damage.
The apocalypse crab claws you but does no damage.
The thrashing horror is engulfed in seething chaos.
The thrashing horror tramples you.
You hold your ground!
The thrashing horror misses you.
The apocalypse crab is engulfed in seething chaos.
The apocalypse crab seems to grow stronger.
The apocalypse crab breathes chaos at you.
The blast of chaos misses you.
The thrashing horror is engulfed in seething chaos.
You completely miss the apocalypse crab.
The apocalypse crab is heavily wounded.
You block the apocalypse crab's attack. The apocalypse crab barely misses you.
The thrashing horror barely misses you. The thrashing horror misses you.
The apocalypse crab closely misses you. x2
You slash the apocalypse crab! You burn the apocalypse crab.
The apocalypse crab is severely wounded.
The apocalypse crab closely misses you. The apocalypse crab claws you!
The apocalypse crab freezes you! You resist.
The thrashing horror barely misses you.
The thrashing horror tramples you but does no damage.
The apocalypse crab bites you! The apocalypse crab freezes you. You resist.
The apocalypse crab claws you but does no damage.
You completely miss the apocalypse crab.
The apocalypse crab is severely wounded.
The apocalypse crab bites you!
You die...

.# ##. .. .# . .
...........#.. #.
..#. ##............
... .. ..
##......#... ..#
#..#..#.........##.
.#.
.#....#..........#
#.##
#..#.........#..# . .
. #..#.....t.....#
#.##..#.........@X..#
# .
..#.....#..##........
#. ##
...#.#........#.
####.#.\.#.#####..#.#
# ..#..##..# .#... ##
#.#.###..### . .# ..
#.# #. # # .. ## . .#
#.. .###.#.#


You could see an apocalypse crab (fast, strong) and a thrashing horror.

Vanquished Creatures
  Menkaure (D:5)
  An ice beast (D:5)
  A phantom (D:5)
  4 scorpions
  A howler monkey (D:5)
  A hound (D:5)
  3 gnoll boudas
  An orc priest (D:6)
  2 iguanas (D:5)
  Ijyb (D:3)
  2 orc wizards (D:4)
  Robin (D:3)
  5 gnolls (D:6)
  4 adders
  3 ufetubi
  A worm (D:3)
  4 dart slugs
  10 orcs
  5 endoplasms
  3 giant cockroaches
  19 goblins
  11 hobgoblins
  3 jackals (D:3)
  4 quokkas
  8 ball pythons
  3 bats (D:3)
  2 frilled lizards (D:2)
  7 kobolds
  4 rats
115 creatures vanquished.

Notes
Turn   | Place    | Note
-------+----------+-------------------------------------------
     0 | D:1      | qw the Gargoyle Fighter began the quest for the Orb.
     0 | D:1      | Reached XP level 1. HP: 14/14 MP: 1/1
     0 | D:1      | 0 ||| qw: Version: 0.3-a-24-ga2abf7b
     0 | D:1      | 0 ||| qw: Game counter: 6868
     0 | D:1      | 0 ||| qw: Melee chars always use a shield: true
     0 | D:1      | 0 ||| qw: God list: Okawaru
     0 | D:1      | 0 ||| qw: Allow faded altars: false
     0 | D:1      | 0 ||| qw: Do Orc after clearing Dungeon:15 true
     0 | D:1      | 0 ||| qw: Do second Lair branch before Depths: true
     0 | D:1      | 0 ||| qw: Lair rune preference: random
     0 | D:1      | 0 ||| qw: Goals: Normal, Zot:1-4, Slime:5, God:TSO, Crypt,
                  | Tomb, Abyss, Pan, Hells, Win
     0 | D:1      | 0 ||| PLANNING D:1-11
    53 | D:1      | Reached skill level 2 in Axes
    84 | D:1      | 84 ||| Stepping ~*~*~tactically~*~*~ (hiding).
   205 | D:1      | 205 ||| Stepping ~*~*~tactically~*~*~ (hiding).
   225 | D:1      | Found a faded altar of an unknown god.
   329 | D:1      | Reached XP level 2. HP: 19/19 MP: 2/2
   726 | D:1      | 726 ||| UPGRADING to +0 chain mail.
   736 | D:1      | 736 ||| DROPPING +0 scale mail.
   737 | D:1      | 737 ||| UPGRADING to amulet of guardian spirit.
   742 | D:1      | 742 ||| READING scroll labelled LENAPAUF ZEBEC.
   843 | D:1      | 843 ||| READING scroll labelled JOEJEO YSKU.
   854 | D:1      | 854 ||| READING scroll labelled ICOTAT PA ROE.
   881 | D:2      | Found a hide-covered altar of Uskayaw.
   910 | D:2      | 910 ||| Stepping ~*~*~tactically~*~*~ (hiding).
   916 | D:2      | Found the amulet of Vitality {RegenMP++ Regen++}
  1102 | D:2      | Reached skill level 3 in Axes
  1102 | D:2      | Reached XP level 3. HP: 23/23 MP: 3/3
  1111 | D:2      | 1111 ||| DROPPING +0 whip.
  1189 | D:2      | 1189 ||| Stepping ~*~*~tactically~*~*~ (stealth).
  1244 | D:2      | Identified the amulet "Ixkellane" {RegenMP -Tele *Slow
                  | rPois Dex+5}
  1260 | D:2      | 1260 ||| Stepping ~*~*~tactically~*~*~ (hiding).
  1263 | D:2      | 1263 ||| Stepping ~*~*~tactically~*~*~ (hiding).
  1266 | D:2      | 1266 ||| Stepping ~*~*~tactically~*~*~ (hiding).
  1387 | D:2      | 1387 ||| Stepping ~*~*~tactically~*~*~ (stealth).
  1388 | D:2      | 1388 ||| Stepping ~*~*~tactically~*~*~ (stealth).
  1599 | D:2      | Identified the +1 ring mail of Impermeability {rC+ rN+
                  | Slay+2}
  1647 | D:2      | 1647 ||| UPGRADING to +1 helmet.
  1652 | D:2      | 1652 ||| UPGRADING to amulet of Vitality {RegenMP++
                  | Regen++}.
  1662 | D:2      | 1662 ||| DROPPING amulet "Ixkellane" {RegenMP -Tele *Slow
                  | rPois Dex+5}.
  1663 | D:2      | 1663 ||| DROPPING amulet of guardian spirit.
  1664 | D:2      | 1664 ||| READING scroll labelled KAMIF XEUKACW.
  1665 | D:2      | 1665 ||| READING scroll labelled IRACICZ COTH.
  1666 | D:2      | 1666 ||| READING scroll labelled RUFACR BIEXAW.
  1726 | D:3      | 1726 ||| Stepping ~*~*~tactically~*~*~ (stealth).
  1795 | D:3      | Reached XP level 4. HP: 28/28 MP: 4/4
  1834 | D:3      | 1834 ||| Stepping ~*~*~tactically~*~*~ (hiding).
  1837 | D:3      | 1837 ||| Stepping ~*~*~tactically~*~*~ (hiding).
  2012 | D:3      | Found a runed translucent door.
  2013 | D:3      | Noticed Crazy Yiuf
  2080 | D:3      | 2080 ||| Stepping ~*~*~tactically~*~*~ (stealth).
  2080 | D:3      | Noticed Robin
  2081 | D:3      | 2081 ||| Stepping ~*~*~tactically~*~*~ (hiding).
  2088 | D:3      | Reached skill level 4 in Axes
  2101 | D:3      | Killed Robin
  2178 | D:3      | 2178 ||| Stepping ~*~*~tactically~*~*~ (stealth).
  2241 | D:3      | Noticed Ijyb
  2250 | D:3      | Killed Ijyb
  2251 | D:3      | Reached XP level 5. HP: 26/32 MP: 5/5
  2578 | D:3      | 2578 ||| READING scroll labelled LUUDWATTOATHRA.
  2579 | D:3      | 2579 ||| READING scroll labelled WAEDUQILOE.
  2580 | D:3      | 2580 ||| READING scroll labelled BIOT YJI FUWN.
  2581 | D:3      | 2581 ||| READING scroll labelled OCRITU SAUVEYH.
  2632 | D:4      | Found a staircase to the Ecumenical Temple.
  2633 | D:4      | 2633 ||| PLANNING TEMPLE
  2638 | Temple   | Entered the Ecumenical Temple
  2897 | Temple   | 2897 ||| PLANNING D:1-11
  2991 | D:4      | Found Jakh's Distillery.
  3006 | D:4      | 3006 ||| BUYING 2 potions of lignification (78 gold).
  3006 | D:4      | Bought 2 potions of lignification for 78 gold pieces
  3006 | D:4      | 3006 ||| BUYING potion of attraction (39 gold).
  3006 | D:4      | Bought a potion of attraction for 39 gold pieces
  3006 | D:4      | 3006 ||| BUYING potion of curing (39 gold).
  3006 | D:4      | Bought a potion of curing for 39 gold pieces
  3006 | D:4      | 3006 ||| SHOPLISTING potion of curing (39 gold, have 13).
  3006 | D:4      | 3006 ||| SHOPLISTING potion of lignification (39 gold, have
                  | 13).
  3006 | D:4      | 3006 ||| SHOPLISTING potion of magic (104 gold, have 13).
  3036 | D:4      | Reached skill level 5 in Axes
  3075 | D:4      | 3075 ||| Stepping ~*~*~tactically~*~*~ (stealth).
  3090 | D:4      | Reached XP level 6. HP: 39/39 MP: 6/6
  3090 | D:4      | 3090 ||| DRINKING potion of curing.
  3090 | D:4      | 3090 ||| (to cure confusion)
  3388 | D:4      | 3388 ||| Stepping ~*~*~tactically~*~*~ (hiding).
  3433 | D:4      | Found a shimmering blue altar of Sif Muna.
  3590 | D:4      | 3590 ||| SWAPPING to +1 war axe of flaming.
  3591 | D:4      | 3591 ||| DROPPING +0 flail.
  3592 | D:4      | 3592 ||| DROPPING +0 war axe of freezing.
  3829 | D:4      | 3829 ||| UPGRADING to ring of resist corrosion.
  3830 | D:4      | 3830 ||| READING scroll labelled WUUSEASEEM.
  3835 | D:4      | 3835 ||| READING scroll labelled RUONLA KOPOITT.
  3836 | D:4      | 3836 ||| DRINKING 2 bubbling black potions.
  3837 | D:4      | 3837 ||| DROPPING potion of invisibility.
  3858 | D:5      | Entered Level 5 of the Dungeon
  3858 | D:5      | Noticed Menkaure
  3862 | D:5      | Killed Menkaure
  3863 | D:5      | Reached XP level 7. HP: 44/44 MP: 7/7
  3920 | D:5      | Reached skill level 6 in Axes
  3946 | D:5      | Reached skill level 1 in Dodging
  4074 | D:5      | 4074 ||| Stepping ~*~*~tactically~*~*~ (stealth).
  4079 | D:5      | 4079 ||| Stepping ~*~*~tactically~*~*~ (stealth).
  4080 | D:5      | 4080 ||| Stepping ~*~*~tactically~*~*~ (stealth).
  4085 | D:5      | 4085 ||| Stepping ~*~*~tactically~*~*~ (stealth).
  4167 | D:5      | Noticed a wyvern
  4182 | D:5      | Reached XP level 8. HP: 48/48 MP: 8/8
  4307 | D:5      | Reached skill level 7 in Axes
  4585 | D:5      | 4585 ||| READING scroll labelled WUQAB MELYOLUE.
  4586 | D:5      | 4586 ||| DRINKING 2 fizzy pink potions.
  4587 | D:5      | 4587 ||| READING 2 scrolls of identify.
  4587 | D:5      | 4587 ||| IDENTIFYING clear potion
  4611 | D:6      | HP: 10/48 [gnoll/+0 halberd of distortion[a gnoll bouda]
                  | (12)]
  4612 | D:6      | 4612 ||| READING scroll of teleportation.
  4630 | D:6      | 4630 ||| Stepping ~*~*~tactically~*~*~ (hiding).
  4631 | D:6      | 4631 ||| Stepping ~*~*~tactically~*~*~ (hiding).
  4632 | D:6      | 4632 ||| Stepping ~*~*~tactically~*~*~ (hiding).
  4633 | D:6      | 4633 ||| Stepping ~*~*~tactically~*~*~ (hiding).
  4661 | Abyss:1  | Cast into level 1 of the Abyss (gnoll)
  4725 | Abyss:1  | Noticed a thrashing horror
  4726 | Abyss:1  | 4726 ||| Stepping ~*~*~tactically~*~*~ (stealth).
  4737 | Abyss:1  | Noticed an apocalypse crab
  4749 | Abyss:1  | HP: 7/49 [apocalypse crab (17)]
  4749 | Abyss:1  | HP: 1/49 [apocalypse crab (6)]
  4750 | Abyss:1  | Mangled by an apocalypse crab

Levels and vault maps discovered:
D:1:      ldierk_walled_garden_2, layout_basic,
          hellmonk_ecumenical_altar_run_dry
D:2:      minmay_recursive_quarters, layout_rooms, basic_altar
D:3:      layout_basic, uniq_robin, uniq_ijyb, uniq_crazy_yiuf_cottage
D:4:      layout_layer_cave, general_overflow_altar, minmay_temple_entry_wispy,
          serial_shops, nicolae_shop_tiny_glass, grunt_decor_cap,
          kennysheep_generic_room_12
D:5:      layout_cave_pods, lightli_corner_chamber, uniq_menkaure
D:6:      layout_cave_pools, uniq_duvessa, uniq_blork_the_orc
Temple:   dpeg_five_rooms_temple
Abyss:1:  base:
Temple

Skill      XL: |  1  2  3  4  5  6  7  8 |
---------------+-------------------------+-----
Axes           | 2 3 4 5 6 7 |  7.4
Fighting       | 4 5 |  5.1
Throwing       | 2 |  2.4
Dodging        | 1 |  1.2
Armour         | |  3.2
Shields        | |  3.2

Action                     |  1- 3 |  4- 6 |  7- 9 || total
---------------------------+-------+-------+-------++-------
  Melee: War axe           |    89 |   116 |    69 ||   274
  Throw: Boomerang         |       |    33 |     6 ||    39
         Javelin           |       |     8 |    21 ||    29
    Use: Scroll            |     6 |     6 |     3 ||    15
         Potion            |       |     2 |     1 ||     3
 Armour: Scale mail        |    14 |       |       ||    14
         Chain mail        |    27 |    68 |    60 ||   155
  Dodge: Dodged            |    35 |    57 |    35 ||   127
  Block: Buckler           |    10 |    32 |    19 ||    61

Table legend:
 A = Non-vault XP
 B = Vault XP
 C = Vault XP percentage of total XP
 D = Non-vault monster count
 E = Vault monster count
 F = Vault count percentage of total count
                 A         B        C        D         E       F
            +---------+---------+-------+---------+---------+-------
      Total |    1193 |     311 |  20.7 |      92 |      23 |  20.0
            +---------+---------+-------+---------+---------+-------
        D:1 |      19 |       0 |   0.0 |      12 |       0 |   0.0
        D:2 |      33 |      14 |  29.8 |      11 |       7 |  38.9
        D:3 |      45 |      71 |  61.2 |      21 |      13 |  38.2
        D:4 |     291 |      43 |  12.9 |      23 |       2 |   8.0
        D:5 |     600 |     183 |  23.4 |      13 |       1 |   7.1
        D:6 |     205 |       0 |   0.0 |      12 |       0 |   0.0
            +---------+---------+-------+---------+---------+-------
